AoeStats
← AGE OF AI

Arabia

509467165Analyzed
3v3 RM · 7d ago on Sep 26, 2026· 42m 50s· 6 players
Game mode
Random Map
Map size
Normal (6 player)
Population
200
Speed
Normal
Resources
Standard
Victory
Conquest
Starting age
Dark Age
Ending age
Imperial Age
RankedLock teamsTeams togetherTeam positionsShared explorationLock speedFull tech treeHidden civsTurbo modeCheats
Victory
Defeat
🇳🇱 Magyars · Netherlands
1021
+16
🇳🇱 Huns · Netherlands
1019
+16
🇳🇱 Spanish · Netherlands
1016
+16
🇹🇷 Magyars · Türkiye
1204
-22
🇹🇷 Varangians · Türkiye
970
-14
🇹🇷 Mongols · Türkiye
909
-12
julian
7:08 Loom
7:31 Loom
9:54 Feudal Age
13:52 Double-Bit Axe
19:26 Castle Age
20:11 Horse Collar
21:03 Bow Saw
20:59 Gold Mining
22:20 Bloodlines
23:30 Scale Barding Armor
30:32 Husbandry
38:23 Imperial Age
38:36 Cavalier
40:06 Heavy Plow
40:59 Chain Barding Armor
41:31 Wheelbarrow
41:52 Paladin
AGE OF AI
1:32 Loom
10:54 Feudal Age
11:35 Double-Bit Axe
18:00 Forging
23:08 Castle Age
21:36 Gold Mining
23:16 Fletching
23:27 Padded Archer Armor
23:59 Bodkin Arrow
24:37 Husbandry
25:49 Bloodlines
29:07 Ballistics
30:02 Leather Archer Armor
29:57 Stone Mining
30:24 Bow Saw
31:41 Wheelbarrow
30:51 Town Watch
32:38 Murder Holes
35:13 Scale Barding Armor
38:50 Imperial Age
38:11 Thumb Ring
39:26 Gold Shaft Mining
40:24 Parthian Tactics
39:19 Heavy Cavalry Archer
41:31 Hand Cart
42:25 Conscription
Ryu
7:47 Loom
10:31 Feudal Age
12:41 Double-Bit Axe
17:48 Forging
23:01 Castle Age
22:30 Bloodlines
22:35 Scale Barding Armor
24:32 Iron Casting
25:09 Husbandry
26:29 Chain Barding Armor
39:04 Imperial Age
39:21 Cavalier
41:54 Blast Furnace
41:30 Plate Barding Armor
Trickle
6:15 Loom
9:14 Feudal Age
9:43 Double-Bit Axe
11:28 Town Watch
16:10 Horse Collar
16:52 Scale Barding Armor
23:35 Castle Age
21:45 Gold Mining
22:26 Fletching
22:49 Bloodlines
23:53 Padded Archer Armor
24:26 Bow Saw
23:39 Light Cavalry
24:21 Husbandry
24:17 Bodkin Arrow
25:53 Gold Shaft Mining
31:00 Heavy Plow
31:44 Ballistics
33:09 Gold Shaft Mining
34:22 Leather Archer Armor
35:46 Wheelbarrow
Kurtkapanı
11:32 Feudal Age
12:46 Double-Bit Axe
17:38 Castle Age
19:22 Loom
20:14 Bow Saw
26:37 Padded Archer Armor
26:27 Fletching
26:32 Stone Mining
27:31 Bloodlines
27:21 Husbandry
27:46 Bodkin Arrow
28:06 Leather Archer Armor
35:31 Gold Mining
35:18 Elite Skirmisher
38:40 Wheelbarrow
37:51 Town Watch
38:36 Nomads
42:22 Imperial Age
40:13 Hand Cart
39:57 Light Cavalry
42:27 Stone Shaft Mining
42:30 Gold Shaft Mining
43:11 Thumb Ring
Gaunter O'Dimm
10:57 Feudal Age
11:22 Double-Bit Axe
14:19 Loom
20:43 Castle Age
19:01 Horse Collar
22:16 Bow Saw
22:44 Heavy Plow
26:50 Gold Mining
27:41 Forging
28:04 Stone Mining
29:20 Stone Shaft Mining
30:26 Bloodlines
30:16 Husbandry
31:34 Wheelbarrow
31:25 Scale Barding Armor
32:38 Hand Cart
33:02 Town Watch
34:57 Iron Casting
37:07 Chain Barding Armor
38:00 Vendel Legacy
Connection lost

Rejoining the realm…

Still unreachable

The connection could not be restored.

Session expired

The server has moved on; the page needs a fresh start.